 Dungeon Sprint DCSS version 0.32-a0-720-g1d96ad090f (webtiles) character file.

Game seed: 18374959522523545024

348 Conn the Arsonist (level 6, 0/36 HPs)
             Began as an Octopode Fire Elementalist on Mar 16, 2024.
             Slain by a crocodile (5 damage)
             ... in the Dungeon (Sprint II: "The Violet Keep of Menkaure").
             The game lasted 00:03:13 (207 turns).

Conn the Arsonist (Octopode Fire Elementalist)       Turns: 207, Time: 00:03:14

Health: 0/36       AC:  1    Str:  7    XL:     6   Next: 60%
Magic:  5/15       EV: 14    Int: 19    God:
Gold:   37         SH:  0    Dex: 13    Spells: 2/17 levels left

rFire   . .          .
                       - Unarmed
rCold   . . .        (no shield)
rNeg    . . .        (helmet restricted)
rPois   .            (no amulet)
rElec   .            (no ring)
rCorr   .            (no ring)
SInv    .            (no ring)
Will    .....        (no ring)
Stlth   ++++         (no ring)
HPRegen 0.26/turn    (no ring)
MPRegen 0.14/turn    (no ring)
                     (no ring)

%: no teleportation
@: no status effects
A: almost no armour, amphibious, 8 rings, camouflage 1, gelatinous body 1,
(nimble swimmer 1), tentacles
a: no special abilities


You were in the Dungeon.
You visited 1 branch You collected 243 gold pieces.
You spent 206 gold pieces at shops.

Inventory:

Scrolls
 f - a scroll of blinking
Potions
 a - 3 potions of magic
 b - a potion of curing
 c - a potion of heal wounds
 d - a potion of lignification


   Skills:
 - Level 0.1 Fighting
 + Level 5.3 Dodging
 - Level 5.1 Stealth
 - Level 1.2 Unarmed Combat
 * Level 6.3 Spellcasting
 * Level 4.6 Conjurations
 + Level 2.8 Hexes
 + Level 0.0 Summonings
 * Level 0.0 Translocations
 + Level 9.0 Fire Magic


You had 2 spell levels left.
You knew the following spells:

 Your Spells              Type           Power      Damage    Failure   Level
a - Foxfire               Conj/Fire      100%       2x1d9     1%          1
b - Scorch                Fire           80%        2d8       1%          2
c - Inner Flame           Hex/Fire       28%        N/A       2%          3
d - Flame Wave            Conj/Fire      32%        2d9       6%          4
e - Blink                 Tloc           10%        N/A       17%         2
f - Call Imp              Summ           10%        N/A       17%         2
g - Magic Dart            Conj           92%        1d7       1%          1

Your spell library contained the following spells:

 Spells                   Type           Power      Damage    Failure   Level
 Volatile Blastmotes      Fire/Tloc      46%        2d13      4%          3


Dungeon Overview and Level Annotations

Branches:
Dungeon (1/1)

Altars:

Shops:
D :*:[[[?=*!!(!=:

Annotations:
D exclusion: oklob plant


Innate Abilities, Weirdness & Mutations

You cannot wear most types of armour.
You are amphibious.
You can wear up to eight rings at the same time.
Your skin changes colour to match your surroundings (Stealth+).
Your rubbery body absorbs attacks. (AC +1, EV +1)
((You are camouflaged when in or above water. (Stealth+)))
You have tentacles for arms and can constrict up to eight enemies at once.


Message History

You cannot move.
You cannot move.
Your transformation is almost over.
You feel less wooden.
There is an entrance to Hylaik's Distillery here.
As you open the door, it creaks loudly!
Casting: Scorch (safe; 1% risk of failure)
Confirm with . or Enter, or press ? or * to list all spells.
Flames lash the crocodile.
The crocodile is moderately wounded.
The crocodile's fire resistance burns away.
The crocodile barely misses you.
Unknown command.
Casting: Scorch (safe; 1% risk of failure)
Confirm with . or Enter, or press ? or * to list all spells.
Okay, then.
Casting: Flame Wave (quite dangerous; 6% risk of failure)
Confirm with . or Enter, or press ? or * to list all spells.
Casting: Flame Wave (quite dangerous; 6% risk of failure)
Press: ? - help, Dir - look around, f - activate A wave of flame ripples out!
The flame wave engulfs the crocodile!
The crocodile is burned terribly!
The crocodile is severely wounded. (Press . to intensify the flame waves.)
The crocodile bites you. The crocodile drags you backwards!
Unknown command.
Unknown command.
Casting: Flame Wave (quite dangerous; 6% risk of failure)
Confirm with . or Enter, or press ? or * to list all spells.
Flames lash the crocodile but do no damage.
The crocodile is engulfed in a cloud of scalding steam.
The crocodile bites you! The crocodile drags you backwards!
Floosh!
Unknown command.
The crocodile is no longer more vulnerable to fire.
The crocodile attacks as it pursues you!
The crocodile bites you!
* * * LOW HITPOINT WARNING * * *
The crocodile bites you.
You die...

############~~#++
###########~~~...
##........#~~~~.# ##
##...⌠....#~~~~## .##
##....∩...#~~~~#w# ww
##.∩.∩.∩..#~~### .#. #
##∩.∩.∩.∩.#~##.###+# .##
##.∩...∩.∩#l##..##.##...#
##∩.....∩.@§'.##††<.+$#
##.......∩#~##..##.##.m.#
#▓▓▓▓▓▓▓###~##.###+# .##
##?kk######~~### $#. #
#$.k#$% ##~~~ k# #k
#∩P$+$Y# +#~## ##
#:.$#?##§ ~~# #)ll###≈≈
~~


You could see an oklob plant, a crocodile and 3 wyverns.

Vanquished Creatures
  Menkaure (D)
  4 scorpions (D)
5 creatures vanquished.

Vanquished Creatures (others)
  14 foxfires (D)
14 creatures vanquished.

Grand Total: 19 creatures vanquished

Notes
Turn   | Place    | Note
-------+----------+-------------------------------------------
     0 | D        | Conn the Octopode Fire Elementalist began the quest for the
                  | Orb.
     0 | D        | Reached XP level 1. HP: 11/11 MP: 3/3
     2 | D        | Noticed a merfolk siren
     5 | D        | Noticed a wyvern
     5 | D        | Noticed a wyvern
    12 | D        | Noticed a scorpion
    12 | D        | Noticed a scorpion
    12 | D        | Noticed a scorpion
    12 | D        | Noticed a scorpion
    18 | D        | Killed a scorpion
    19 | D        | Reached skill level 6 in Fire Magic
    19 | D        | Reached XP level 2. HP: 17/17 MP: 1/6
    19 | D        | Reached XP level 3. HP: 21/21 MP: 1/8
    19 | D        | Reached XP level 4. HP: 27/27 MP: 1/9
    22 | D        | Killed a scorpion
    23 | D        | Reached skill level 7 in Fire Magic
    27 | D        | Killed a scorpion
    28 | D        | Reached skill level 5 in Stealth
    28 | D        | Reached skill level 1 in Unarmed Combat
    28 | D        | Reached skill level 8 in Fire Magic
    28 | D        | Reached XP level 5. HP: 25/31 MP: 1/12
    41 | D        | Learned a level 2 spell: Scorch
    45 | D        | Learned a level 3 spell: Inner Flame
    50 | D        | Learned a level 4 spell: Flame Wave
   106 | D        | Reached skill level 5 in Spellcasting
   106 | D        | Reached skill level 1 in Hexes
   106 | D        | Reached XP level 6. HP: 27/36 MP: 7/14
   125 | D        | Found Foisettipp's Book Shop.
   125 | D        | Found Vuatiyrua's Jewellery Boutique.
   125 | D        | Found Quefef's Distillery.
   125 | D        | Found Suab's Antique Weapon Shop.
   125 | D        | Found Vaguink's Assorted Antiques.
   125 | D        | Found Onesod's Distillery.
   125 | D        | Found Cuosh's Jewellery Shop.
   126 | D        | Found Enaicrur's Magic Scroll Shop.
   127 | D        | Found Rokky's Antique Armour Shop.
   128 | D        | Found Hylaik's Distillery.
   128 | D        | Noticed a wyvern
   129 | D        | Found Mukoerav's Antique Armour Shop.
   129 | D        | Found Uneo's Armour Boutique.
   129 | D        | Noticed Menkaure
   129 | D        | Noticed a wyvern
   129 | D        | Noticed a wyvern
   129 | D        | Noticed an oklob plant
   130 | D        | Found Cam Pari's General Store.
   130 | D        | Found Saajourgh's Book Boutique.
   130 | D        | Found Otypry's Book Shoppe.
   141 | D        | Killed Menkaure
   142 | D        | Reached skill level 5 in Dodging
   142 | D        | Reached skill level 9 in Fire Magic
   145 | D        | Bought a book of Minor Magic for 160 gold pieces
   150 | D        | Learned a level 2 spell: Blink
   153 | D        | Learned a level 2 spell: Call Imp
   155 | D        | Learned a level 1 spell: Magic Dart
   159 | D        | Noticed a death yak
   174 | D        | Bought 2 sedimented blue potions for 46 gold pieces
   207 | D        | Slain by a crocodile

Illustrated notes

Levels and vault maps discovered:
D:        the_violet_keep_of_menkaure [sprint2_stairs_cluster_1,
          sprint2_shoproom, sprint2_temple, sprint2_basic_supplies,
          sprint2_obstacle_7, sprint2_obstacle_2, sprint2_obstacle_6,
          sprint2_obstacle_5, sprint2_obstacle_4, sprint2_timed_cluster_1,
          sprint2_smallroom_cluster_1, sprint2_smallroom_final_cluster_1,
          sprint2_transparent_cluster_1, sprint2_second_timed_cluster_1,
          sprint2_sniper_area_1, sprint2_heavy_combat_area_1,
          sprint2_mutation_trap_area_1, sprint2_forest_area_1,
          sprint2_light_combat_area_1, sprint2_behind_water_1,
          sprint2_near_end_vault_1]

Skill      XL: |  1  2  3  4  5  6 |
---------------+-------------------+-----
Dodging        | 3 4 5 |  5.3
Stealth        | 4 5 |  5.1
Spellcasting   | 3 4 5 6 |  6.3
Fire Magic     | 6 8 9 |  9.0
Unarmed Combat | 1 |  1.2
Conjurations   | 3 4 |  4.6
Hexes          | 1 2 |  2.8
Fighting       | |  0.1

Action                     |  1- 3 |  4- 6 || total
---------------------------+-------+-------++-------
  Melee: Unarmed           |     2 |     8 ||    10
         Tentacles         |     2 |     4 ||     6
         Constrict         |       |     2 ||     2
   Cast: Foxfire           |     2 |     6 ||     8
         Scorch            |       |     6 ||     6
         Flame Wave        |       |     1 ||     1
    Use: Potion            |     2 |     1 ||     3
 Armour: Skin              |       |     7 ||     7
  Dodge: Dodged            |       |     1 ||     1

Table legend: (Time is in decaauts)
 A = Elapsed time spent in this place.
 B = Non-inter-level travel time spent in this place.
 C = Inter-level travel time spent in this place.
 D = Time resting spent in this place.
 E = Time spent auto-exploring this place.
 F = Levels seen in this place.
 G = Mean time per level.
                   A        B        C        D        E       F      G
               +--------+--------+--------+--------+--------+-----+--------+
         Total |    202 |    202 |      0 |     61 |      0 |   1 |  202.0 |
       Dungeon |    202 |    202 |      0 |     61 |      0 |   1 |  202.0 |
               +--------+--------+--------+--------+--------+-----+--------+

Top non-repeatable levels by time:
       D: 202 daAuts
